 Dungeon Crawl Stone Soup version 0.20.1-1-g8b1a95d (webtiles) character file.

44879 equalderp2856 the Severer (level 13, 0/118 HPs)
             Began as a Minotaur Fighter on Sept 28, 2017.
             Killed from afar by a fire dragon (49 damage)
             ... with a blast of flame
             ... on level 6 of the Lair of Beasts.
             The game lasted 00:49:59 (28302 turns).

equalderp2856 the Severer (Minotaur Fighter)       Turns: 28302, Time: 00:50:00

Health: 0/118      AC: 18    Str: 26    XL:     13   Next: 98%
Magic:  14/14      EV:  7    Int:  7    God:
Gold:   1002       SH: 23    Dex: 13    Spells: 12/12 levels left

rFire    . . .     SeeInvis +   a - +1 war axe
rCold    . . .     Gourm    +   Q - +2 large shield
rNeg     . . .     Faith    .   N - +0 plate armour
rPois    .         Spirit   .   (helmet restricted)
rElec    .         Reflect  .   (no cloak)
rCorr    .         Harm     .   (no gloves)
MR       +....                  V - +1 pair of boots
Stlth    ..........             R - amulet of the gourmand
Regen    0.3/turn               s - ring of protection from magic
MPRegen  0.2/turn               T - ring of see invisible

@: mighty
A: retaliatory headbutt, horns 2
a: no special abilities


You were on level 6 of the Lair of Beasts.
You were very full.

You visited 2 branches of the dungeon, and saw 16 of its levels.

You collected 1002 gold pieces.

Inventory:

Hand Weapons
 a - a +1 war axe (weapon)
 x - the cursed +2 hand axe "Kusueg" {protect, rElec rC++ MP+9 Str-2}
   (You found it on level 5 of the Dungeon)

   It protects the one who uses it against injury (+AC on strike).
   It affects your strength (-2).
   It greatly protects you from cold.
   It insulates you from electricity.
   It affects your magic capacity (+9).
   It has a curse placed upon it.
 M - a +0 trident
Armour
 e - the +3 hat of Pondering {ponderous, MR+ MP+10 Int+5}
   (You took it off Gastronok on level 8 of the Dungeon)

   It affects your intelligence (+5).
   It affects your resistance to hostile enchantments.
   It affects your magic capacity (+10).
 N - a +0 plate armour (worn)
 P - a cursed -1 scale mail
 Q - a +2 large shield (worn)
 V - a +1 pair of boots (worn)
Jewellery
 s - a ring of protection from magic (left hand)
 B - an uncursed ring of protection from magic
 H - an uncursed ring of flight
 I - an uncursed amulet of rage
 R - an amulet of the gourmand (around neck)
 T - a ring of see invisible (right hand)
Wands
 q - a wand of iceblast (7/15)
 C - a wand of flame (37/48)
 J - a wand of confusion (15/48)
 L - a wand of digging (15/24)
 O - a wand of iceblast (3/15)
 S - a wand of random effects (0/48)
 Y - a wand of confusion (19/48)
 Z - a wand of random effects (0/48)
Scrolls
 h - a scroll of fear
 i - 4 scrolls of identify
 p - 7 scrolls of teleportation
 t - a scroll of magic mapping
 y - 9 scrolls of remove curse
Potions
 c - a potion of magic {unknown}
 d - a potion of might
 j - a potion of experience {unknown}
 k - 3 potions of haste {unknown}
 l - 4 potions of heal wounds
 n - 3 potions of brilliance {unknown}
 o - 4 potions of agility {unknown}
 r - 7 potions of flight
 u - 3 potions of degeneration {unknown}
 v - a potion of mutation {unknown}
 w - a potion of cancellation {unknown}
 z - 2 potions of ambrosia {unknown}
 D - 2 potions of curing
 G - a potion of lignification {unknown}
 K - a potion of invisibility {unknown}
Books
 b - a book of Changes

   Spells                             Type                      Level
   a - Beastly Appendage              Transmutation                1
   b - Sticks to Snakes               Transmutation                2
   c - Spider Form                    Transmutation/Poison         3
   d - Ice Form                       Ice/Transmutation            4
   e - Blade Hands                    Transmutation                5
 A - a book of Geomancy

   Spells                             Type                      Level
   a - Sandblast                      Earth                        1
   b - Passwall                       Transmutation/Earth          2
   c - Stone Arrow                    Conjuration/Earth            3
   d - Petrify                        Transmutation/Earth          4
   e - Lee's Rapid Deconstruction     Earth                        5
 E - a book of Necromancy

   Spells                             Type                      Level
   a - Pain                           Necromancy                   1
   b - Animate Skeleton               Necromancy                   1
   c - Vampiric Draining              Necromancy                   3
   d - Regeneration                   Charms/Necromancy            3
   e - Animate Dead                   Necromancy                   4
   f - Control Undead                 Necromancy                   4
 F - a book of Clouds

   Spells                             Type                      Level
   a - Poisonous Vapours              Poison/Air                   2
   b - Mephitic Cloud                 Conjuration/Poison/Air       3
   c - Conjure Flame                  Conjuration/Fire             3
   d - Freezing Cloud                 Conjuration/Ice/Air          6
   e - Ring of Flames                 Charms/Fire                  7
Miscellaneous
 W - a phial of floods
 X - a box of beasts
Comestibles
 f - 9 bread rations
 g - 4 royal jellies
 m - 5 meat rations
 U - 15 fruits


   Skills:
 + Level 12.0 Fighting
 + Level 16.0(16.2) Axes
 + Level 4.5(11.6) Polearms
 + Level 12.7 Armour
 + Level 3.9 Dodging
 + Level 2.6 Stealth
 + Level 14.8 Shields
 + Level 2.7 Evocations


You had 12 spell levels left.
You didn't know any spells.

Dungeon Overview and Level Annotations

Branches:
Dungeon (10/15)            Temple (0/1) D:5            Lair (6/6) D:10
  Swamp (0/4) Lair:4        Snake (0/4) Lair:2        Slime (0/5) Lair:6
    Orc: D:9-12

Altars:
Ashenzari
Cheibriados
Dithmenos
Fedhas
Nemelex Xobeh
Okawaru
Qazlal
Ru
Sif Muna
Uskayaw
Xom
The Shining One

Shops:
D:5 :   D:9 %

Annotations:
Lair:5 exclusion: oklob plant


Innate Abilities, Weirdness & Mutations

You reflexively headbutt those who attack you in melee.
You have a pair of horns on your head.


Message History

The fire dragon claws you but does no damage.
The fire dragon completely misses you.
You slice the fire dragon!!
The fire dragon is heavily wounded.
You block the fire dragon's attack. x3
You slash the fire dragon!
The fire dragon is severely wounded.
You slash the fire dragon!
The fire dragon is severely wounded.
You block the fire dragon's attack. x2; The fire dragon tramples you.
You stumble backwards!
You barely miss the fire dragon. Your headbutt misses the fire dragon.
The fire dragon is severely wounded.
You block the fire dragon's attack. The fire dragon claws you!
The fire dragon tramples you but does no damage.
You slash the fire dragon!
The fire dragon is almost dead.
The fire dragon breathes flames at you. The blast of flame hits you!
You die...

# ##......≈≈≈######.≈§#......####
# #8.....##≈##)$$$##.≈#.....## ##
##......#≈#|)..$?#.≈......# #.
##.......#≈#......#≈.......# #.
##........§≈#......#≈#.....)#.###
......##§§§≈#......#§≈#......# #
........#≈≈≈##....##≈≈##.##.#8# #
#.........≈§≈##D'##≈≈≈≈######## #
####......#≈§§≈.@§§#≈≈ ##
##......≈§§≈..§§##≈ .#
#8#8..#..###..§§.### ##
.#######8##§§#........## #. ..###
###§§.#.........## #. ....#
#≈§#...........8# # #. .[.P#
#≈≈≈##..†......### #≈## #. ..P##
#≈≈§##8.........8# ≈≈§§# ## ...#
#§#§ ##........###§≈≈# #


You could see a fire dragon.

Vanquished Creatures
  Gastronok (D:8)
  7 hydras
  The ghost of Frank the Carver, a novice OpFi of Dithmenos (D:9)
  A fire crab (Lair:5)
  Pikel (D:6)
  A lindwurm (Lair:5)
  An oklob plant (Lair:5)
  5 elephants (Lair:6)
  7 black mambas
  2 molten gargoyles
  12 spiny frogs
  A torpor snail (Lair:5)
  2 rime drakes
  10 komodo dragons
  A polar bear (Lair:6)
  A troll (D:9)
  Prince Ribbit (D:5)
  Grinder (D:5)
  8 blink frogs
  6 hippogriffs
  19 dream sheep
  Sigmund (D:2)
  4 wyverns
  7 basilisks
  23 yaks
  A hungry ghost (D:7)
  2 steam dragons
  Menkaure (D:6)
  Edmund (D:6)
  14 porcupines
  4 hell hounds (Lair:6)
  8 water moccasins
  4 orc warriors
  2 black bears
  2 phantoms
  5 necrophages (Lair:4)
  24 wolves
  5 ogres
  6 centaurs
  23 crocodiles
  A big kobold (D:8)
  21 bullfrogs
  4 scorpions
  4 wights
  5 electric eels
  7 howler monkeys
  5 lava snakes (Lair:6)
  3 crimson imps
  5 hounds
  2 centaur skeletons
  3 jellies
  3 orc priests
  A bullfrog skeleton (D:5)
  A bullfrog zombie (D:6)
  10 orc wizards
  Ijyb (D:5)
  5 iguanas
  2 hell rats (Lair:1)
  7 worker ants
  A killer bee zombie (D:8)
  2 worker ant zombies
  10 gnolls
  10 river rats (Lair:1)
  14 adders
  2 shadow imps
  6 oozes
  An adder zombie (D:9)
  4 worms (D:2)
  A dart slug (D:1)
  2 leopard geckos
  55 orcs
  7 giant cockroaches
  5 goblins
  8 hobgoblins
  17 jackals
  11 kobolds
  5 quokkas
  14 bats
  2 frilled lizards
  A leopard gecko zombie (D:5)
  A quokka skeleton (D:4)
  A quokka zombie (D:8)
  9 rats
  3 fungi
  2 plants (Lair:4)
510 creatures vanquished.

Vanquished Creatures (collateral kills)
  A dream sheep (Lair:5)
1 creature vanquished.

Vanquished Creatures (others)
  2 slaves (D:6)
  An orc (D:6)
  13 fungi
  21 plants
37 creatures vanquished.

Grand Total: 548 creatures vanquished

Notes
Turn   | Place    | Note
-------+----------+-------------------------------------------
     0 | D:1      | equalderp2856 the Minotaur Fighter began the quest for the Orb.
     0 | D:1      | Reached XP level 1. HP: 19/19 MP: 0/0
    43 | D:1      | Found a shimmering altar of Xom.
    95 | D:1      | Reached XP level 2. HP: 27/27 MP: 1/1
   614 | D:1      | Reached XP level 3. HP: 33/33 MP: 2/2
   657 | D:2      | Reached skill level 3 in Axes
   791 | D:2      | Noticed Sigmund
   800 | D:2      | Killed Sigmund
   800 | D:2      | Reached skill level 4 in Axes
   800 | D:2      | Reached skill level 5 in Shields
   800 | D:2      | Reached XP level 4. HP: 11/41 MP: 3/3
   800 | D:2      | Reached XP level 5. HP: 13/47 MP: 4/4
  1262 | D:2      | Found a snail-covered altar of Cheibriados.
  1283 | D:2      | Found a blossoming altar of Fedhas.
  1369 | D:2      | Found a shattered altar of Ashenzari.
  1414 | D:2      | Reached skill level 1 in Dodging
  1414 | D:2      | Reached XP level 6. HP: 48/53 MP: 5/5
  1569 | D:2      | Found a stormy altar of Qazlal.
  1825 | D:3      | Reached skill level 5 in Axes
  1895 | D:4      | Found a hide-covered altar of Uskayaw.
  2261 | D:4      | Reached skill level 5 in Armour
  2394 | D:4      | Reached XP level 7. HP: 38/60 MP: 6/6
  2537 | D:4      | Reached skill level 6 in Axes
  2971 | D:4      | Reached skill level 5 in Fighting
  3071 | D:5      | Entered Level 5 of the Dungeon
  3083 | D:5      | Found Qicocuh's Book Shop.
  3104 | D:5      | Noticed Prince Ribbit
  3115 | D:5      | Killed Prince Ribbit
  3115 | D:5      | Reached skill level 7 in Axes
  3376 | D:5      | Got a pitted hand axe
  3391 | D:5      | Reached XP level 8. HP: 26/68 MP: 7/7
  3626 | D:5      | Reached skill level 8 in Axes
  3758 | D:5      | Found a staircase to the Ecumenical Temple.
  3933 | D:5      | Noticed Ijyb
  3972 | D:5      | Killed Ijyb
  3992 | D:5      | Noticed Grinder
  3999 | D:5      | Paralysed by Grinder for 4 turns
  4005 | D:5      | Killed Grinder
  4782 | D:3      | Reached skill level 9 in Axes
  4869 | D:3      | Identified the cursed +2 hand axe "Kusueg" {protect, rElec rC++ MP+9 Str-2} (You found it on level 5 of the Dungeon)
  5302 | D:6      | Noticed Menkaure
  5306 | D:6      | Killed Menkaure
  5306 | D:6      | Reached XP level 9. HP: 56/78 MP: 8/8
  5849 | D:6      | Noticed Pikel
  5874 | D:6      | Killed Pikel
  5874 | D:6      | Reached skill level 10 in Axes
  6361 | D:6      | Noticed Edmund
  6385 | D:6      | Killed Edmund
  7712 | D:7      | Found a shadowy altar of Dithmenos.
  7751 | D:7      | Found a sparkling altar of Nemelex Xobeh.
  7802 | D:7      | Reached skill level 11 in Axes
  8316 | D:7      | Reached XP level 10. HP: 88/88 MP: 9/9
  8595 | D:8      | Found a glowing golden altar of the Shining One.
  8724 | D:8      | Noticed Gastronok
 10344 | D:8      | Killed Gastronok
 10344 | D:8      | Reached skill level 1 in Stealth
 10344 | D:8      | Reached skill level 1 in Evocations
 10382 | D:8      | Reached skill level 12 in Axes
 10744 | D:9      | Noticed Frank's ghost (novice OpFi)
 10766 | D:9      | Killed Frank's ghost
 10830 | D:9      | Reached skill level 10 in Shields
 11169 | D:8      | Reached XP level 11. HP: 74/97 MP: 11/11
 11635 | D:9      | Found Ruyggiy's Food Emporium.
 11647 | D:9      | Found an iron altar of Okawaru.
 11691 | D:9      | Found a sacrificial altar of Ru.
 11895 | D:9      | Found a deep blue altar of Sif Muna.
 11985 | D:10     | Entered Level 10 of the Dungeon
 12189 | D:10     | Found a staircase to the Lair.
 12200 | Lair:1   | Entered Level 1 of the Lair of Beasts
 12287 | Lair:1   | Reached skill level 13 in Axes
 12610 | Lair:1   | Reached skill level 10 in Armour
 14254 | Lair:2   | Found a staircase to the Snake Pit.
 14393 | Lair:2   | Noticed a five-headed hydra
 14660 | Lair:2   | Reached skill level 10 in Fighting
 15395 | Lair:2   | Killed a five-headed hydra
 15687 | Lair:3   | Reached skill level 1 in Polearms
 15688 | Lair:3   | Reached XP level 12. HP: 90/106 MP: 12/12
 15727 | Lair:3   | Reached skill level 14 in Axes
 15771 | Lair:3   | Noticed a seven-headed hydra
 17073 | Lair:3   | Killed a seven-headed hydra
 17952 | Lair:4   | Noticed a seven-headed hydra
 18182 | Lair:5   | Noticed a six-headed hydra
 18904 | Lair:5   | Reached skill level 15 in Axes
 18904 | Lair:5   | Reached XP level 13. HP: 81/116 MP: 13/13
 20033 | Lair:4   | Found a staircase to the Swamp.
 21260 | Lair:6   | Entered Level 6 of the Lair of Beasts
 22944 | Lair:6   | Found a staircase to the Slime Pits.
 27511 | Lair:6   | Found a large runed door.
 27512 | Lair:6   | Found a large runed door.
 27890 | Lair:6   | Reached skill level 16 in Axes
 28262 | Lair:6   | Noticed a fire dragon
 28302 | Lair:6   | Killed from afar by a fire dragon

Skill      XL: |  1  2  3  4  5  6  7  8  9 10 11 12 13 |
---------------+----------------------------------------+-----
Fighting       | 4 5 6 7 9 10 11 12 | 12.0
Shields        | 4 5 6 7 10 11 13 14 | 14.8
Axes           | 4 5 7 9 11 12 13 15 16 | 16.0
Armour         | 4 5 7 8 9 10 11 12 | 12.7
Dodging        | 1 2 3 |  3.9
Stealth        | 1 2 |  2.6
Evocations     | 1 2 |  2.7
Polearms       | 1 3 4 |  4.5

Action                   |  1- 3 |  4- 6 |  7- 9 | 10-12 | 13-15 || total
-------------------------+-------+-------+-------+-------+-------++-------
Melee: War axe           |    74 |   132 |   386 |   697 |   411 ||  1700
       Headbutt          |    10 |    22 |    67 |   166 |   138 ||   403
       Trident           |       |       |     1 |    65 |   100 ||   166
Evoke: Wand              |       |       |     3 |    23 |    12 ||    38
  Use: Scroll            |       |       |     6 |    15 |       ||    21
       Potion            |       |       |       |     3 |     1 ||     4
 Stab: Confused          |       |       |       |     2 |       ||     2
  Eat: Chunk             |       |     5 |    19 |    34 |    32 ||    90
       Fruit             |       |       |     2 |     2 |       ||     4
       Royal jelly       |       |       |       |     1 |       ||     1
Armor: Scale mail        |    25 |    45 |    93 |       |       ||   163
       Plate armour      |       |       |    17 |   291 |   204 ||   512
Dodge: Dodged            |    14 |    48 |   103 |   116 |    85 ||   366
Block: Shield            |    39 |    68 |   168 |       |       ||   275
       Large shield      |       |       |    48 |   797 |   560 ||  1405
